 Dungeon Crawl Stone Soup version 0.27.1-34-g3ba077fa99 (webtiles) character file.

Game seed: 10473906935933861138

14055 mtoz the Blocker (level 12, -1/77 HPs)
             Began as a Gargoyle Fighter on Jan 6, 2022.
             Was an Elder of Okawaru.
             Killed by divine providence
             ... invoked by a smoke demon
             ... summoned by an orc high priest
              (13 damage)
             ... on level 1 of the Orcish Mines on Jan 7, 2022.
             The game lasted 01:18:23 (11874 turns).

mtoz the Blocker (Gargoyle Fighter)                Turns: 11874, Time: 01:18:23

Health: -1/77      AC:  9    Str: 24    XL:     12   Next: 12%
Magic:  26/26      EV:  6    Int: 10    God:    Okawaru [****..]
Gold:   570        SH: 12    Dex:  9    Spells: 11/11 levels left

rFire    . . .     SeeInvis .   a - +0 war axe
rCold    + . .     Faith    .   c - +0 kite shield
rNeg     + . .     Spirit   .   p - +2 plate armour {rPois}
rPois    ∞         Reflect  .   (no helmet)
rElec    +         Harm     .   j - +0 cloak
rCorr    .         Rampage  .   K - +0 pair of gloves
Will     .....                  y - +0 pair of boots
Stlth    ..........             g - amulet of regeneration
HPRegen  1.22/turn              C - ring of protection from cold
MPRegen  0.20/turn              B - ring of magical power

@: on fire, corroded, glowing
A: sickness immunity, AC +8, negative energy resistance 1, electricity
resistance, torment resistance 1, petrification resistance
a: Renounce Religion, Heroism


You were on level 1 of the Orcish Mines.
You worshipped Okawaru.
Okawaru was greatly pleased with you.
You visited 3 branches of the dungeon, and saw 13 of its levels.
You also visited: Sewer.

You collected 1211 gold pieces.
You spent 641 gold pieces at shops.

Inventory:

Hand Weapons
 a - a +0 war axe (weapon)
 i - a +0 hand axe
 F - a +0 battleaxe
Armour
 c - a +0 kite shield (worn)
 j - a +0 cloak (worn)
 p - a +2 plate armour of poison resistance (worn)
 y - a +0 pair of boots (worn)
 G - a +1 buckler of fire resistance
 I - a +0 tower shield
 K - a +0 pair of gloves (worn)
Jewellery
 g - an amulet of regeneration (around neck)
 m - an amulet of reflection
 B - a ring of magical power (right hand)
 C - a ring of protection from cold (left hand)
Wands
 b - a wand of polymorph (6)
Scrolls
 e - 3 scrolls of amnesia
 h - 2 scrolls of fog
 l - 3 scrolls of enchant weapon
 o - a scroll of immolation
 s - 4 scrolls of vulnerability
 w - a scroll of brand weapon
 x - a scroll of enchant armour
 z - 4 scrolls of magic mapping
 E - 3 scrolls of teleportation
Potions
 d - 3 potions of might
 f - 6 potions of curing
 k - a potion of lignification
 n - a potion of flight
 q - 4 potions of degeneration
 r - a potion of brilliance
 t - 3 potions of mutation {unknown}
 u - 3 potions of haste


   Skills:
 + Level 10.1 Fighting
 * Level 8.5 Axes
 + Level 10.1 Armour
 + Level 10.1 Shields
 + Level 7.0 Invocations
 + Level 4.4 Evocations


You had 11 spell levels left.
You didn't know any spells.
Your spell library contained the following spells:

 Spells                   Type           Power      Damage    Failure   Level
 Portal Projectile        Hex/Tloc       0%         N/A       100%        3
 Tukima's Dance           Hex            0%         N/A       100%        3
 Passage of Golubria      Tloc           N/A        N/A       100%        4
 Blade Hands              Tmut           0%         N/A       100%        5
 Excruciating Wounds      Necr           0%         N/A       100%        5
 Irradiate                Conj/Tmut      0%         3d14      100%        5
 Yara's Violent Unravell  Hex/Tmut       0%         3d3       100%        5
 Dragon Form              Tmut           0%         N/A       100%        7


Dungeon Overview and Level Annotations

Branches:
Dungeon (10/15)            Temple (1/1) D:4             Orc (2/2) D:10
    Elf (0/3) Orc:2         Sewer (visited)
   Lair: D:8-11

Altars:
Ashenzari
Cheibriados
Dithmenos
Elyvilon
Fedhas
Gozag
Hepliaklqana
Kikubaaqudgha
Makhleb
Nemelex Xobeh
Okawaru
Qazlal
Ru
Sif Muna
Trog
Uskayaw
Vehumet
Wu Jian
Xom
Yredelemnul
Zin
The Shining One
Beogh

Shops:
D:2 =!!   D:5 :   Orc:1 **

Annotations:
D:6 3 runed translucent doors, mtoz's ghost, novice GrFi


Innate Abilities, Weirdness & Mutations

You are immune to sickness and miasma.
Your stone body is resilient. (AC +8)
You are immune to poison.
You resist negative energy. (rN+)
You are resistant to electric shocks. (rElec)
You are resistant to unholy torment.
You are immune to petrification.


Message History

The orc high priest is severely wounded.
You closely miss the smoke demon.
You hit the rust devil but do no damage.
The rust devil hits you. The rust devil corrodes you!
The smoke demon hits you but does no damage.
The smoke demon hits you. The smoke demon barely misses you.
The orc high priest hits you but does no damage.
You barely miss the orc high priest.
The orc high priest is severely wounded.
You closely miss the smoke demon.
You hit the rust devil but do no damage.
The rust devil hits you. The rust devil corrodes you!
The smoke demon gestures at you. Beogh smites you!
The orc high priest mumbles some strange prayers to Beogh against you.
Beogh smites you!
You barely miss the orc high priest.
The orc high priest is severely wounded.
You slash the smoke demon!
You hit the rust devil but do no damage.
You block the rust devil's attack. The smoke demon gestures at you.
The ball of steam hits you.
* * * LOW HITPOINT WARNING * * *
You block the orc high priest's attack.
You hit the orc high priest but do no damage.
The orc high priest is severely wounded.
You hit the smoke demon but do no damage.
You closely miss the rust devil.
You are engulfed in a cloud of scalding steam.
You block the rust devil's attack. The smoke demon gestures at you.
The sticky flame hits you!
You are covered in liquid flames!
* * * LOW HITPOINT WARNING * * *
The orc high priest barely misses you. The rust devil hits you.
The rust devil corrodes you! The smoke demon gestures at you. Beogh smites you!
You die...

#...#................#
#..#..^.##..........##
..........#........[#
#....#..............##
###..................#
#...................#
##....#.....#.[..§.##
###....[.....))§...#
###....#...#.)@)...#
##......##....3o4...#
#........##.##...[..#
##........####......##
.......#.## #....###
)).....### ##.....##
.###..## #.......##
####...# ##.#.....#
#.....## ##.....##


You could see an orc high priest, a rust devil (summoned) and a smoke demon
(summoned).

Vanquished Creatures
  An orc warlord (Orc:1)
  3 two-headed ogres
  An orc high priest (Orc:1)
  An orc knight (Orc:1)
  2 orc sorcerers (Orc:1)
  Maurice (D:8)
  A kobold demonologist (D:10)
  2 trolls
  Grinder (D:5)
  A wraith (D:8)
  10 yaks
  3 wargs
  An acid dragon (D:10)
  3 water moccasins
  Purgy (Sewer)
  16 orc warriors
  A sky beast (D:8)
  2 ice beasts (D:7)
  2 black bears
  3 necrophages
  6 ogres (Orc:1)
  4 centaurs
  3 phantoms
  2 bullfrogs
  A gnoll sergeant (D:8)
  A scorpion (D:5)
  2 water moccasin zombies
  3 jellies
  5 killer bees (D:7)
  A wight (D:8)
  5 centaur zombies
  2 hounds
  A gnoll shaman (D:8)
  12 orc priests
  A bullfrog skeleton (D:5)
  19 orc wizards
  4 iguanas
  A scorpion zombie (D:5)
  2 killer bee zombies
  3 howler monkey zombies
  5 gnolls (D:8)
  A howler monkey skeleton (D:7)
  9 adders
  A shadow imp (D:6)
  2 white imps
  An ufetubus (D:6)
  An adder skeleton (D:4)
  5 worms
  3 dart slugs
  44 orcs
  10 endoplasms
  4 giant cockroaches
  10 goblins
  5 hobgoblins
  2 jackals (D:3)
  9 kobolds
  5 quokkas
  9 ball pythons
  7 bats
  6 frilled lizards
  4 rats
277 creatures vanquished.

Vanquished Creatures (others)
  2 fungi (D:6)
  2 plants (D:6)
4 creatures vanquished.

Grand Total: 281 creatures vanquished

Notes
Turn   | Place    | Note
-------+----------+-------------------------------------------
     0 | D:1      | mtoz the Gargoyle Fighter began the quest for the Orb.
     0 | D:1      | Reached XP level 1. HP: 14/14 MP: 1/1
   386 | D:1      | Reached XP level 2. HP: 15/19 MP: 2/2
  1042 | D:1      | Reached XP level 3. HP: 23/23 MP: 3/3
  1488 | D:2      | Found a faded altar of an unknown god.
  1517 | D:2      | Reached XP level 4. HP: 29/29 MP: 4/4
  1680 | D:2      | Found Nyner's Distillery.
  1688 | D:2      | Reached XP level 5. HP: 33/33 MP: 5/5
  1701 | D:2      | Bought a potion of heal wounds for 65 gold pieces
  1706 | D:2      | Found Duwni's Jewellery Emporium.
  2050 | D:2      | Found Pijog's Distillery.
  2354 | D:3      | You fall into a shaft and drop 3 floors!
  2426 | D:6      | Noticed a phantom
  2445 | D:6      | Killed a phantom
  2446 | D:6      | Reached XP level 6. HP: 33/39 MP: 6/6
  2513 | D:6      | Noticed a black bear
  2517 | D:6      | Killed a black bear
  2523 | D:6      | Reached skill level 5 in Fighting
  2523 | D:6      | Reached skill level 5 in Armour
  2527 | D:6      | Reached skill level 5 in Shields
  2527 | D:6      | Reached XP level 7. HP: 44/44 MP: 7/7
  2587 | D:6      | Found a runed translucent gate.
  2587 | D:6      | Found a runed translucent gate.
  2587 | D:6      | Found a runed translucent gate.
  2588 | D:6      | Noticed mtoz's ghost (novice GrFi)
  2616 | D:6      | Found a glowing drain.
  2674 | Sewer    | Entered a sewer
  2772 | Sewer    | Noticed Purgy
  2789 | Sewer    | Killed Purgy
  2892 | D:6      | Found a hazy altar of Hepliaklqana.
  3156 | D:5      | Entered Level 5 of the Dungeon
  3228 | D:4      | Found a sacrificial altar of Ru.
  4055 | D:3      | Reached XP level 8. HP: 51/51 MP: 8/8
  4389 | D:4      | Found a staircase to the Ecumenical Temple.
  4506 | Temple   | Entered the Ecumenical Temple
  4594 | Temple   | Became a worshipper of Warmaster Okawaru
  5385 | D:5      | Found Henat's Self-Improvement Boutique.
  5399 | D:5      | Reached skill level 5 in Axes
  5693 | D:5      | Noticed Grinder
  5712 | D:5      | Paralysed by Grinder for 2 turns
  5717 | D:5      | Paralysed by Grinder for 5 turns
  5729 | D:5      | Paralysed by Grinder for 6 turns
  5746 | D:5      | Killed Grinder
  5746 | D:5      | Reached * piety under Okawaru
  5747 | D:5      | Reached XP level 9. HP: 56/56 MP: 9/9
  6643 | D:7      | Reached skill level 1 in Invocations
  6938 | D:7      | Reached ** piety under Okawaru
  7295 | D:8      | Reached XP level 10. HP: 54/64 MP: 12/12
  7343 | D:8      | Noticed a two-headed ogre
  7351 | D:8      | Killed a two-headed ogre
  7621 | D:8      | Reached *** piety under Okawaru
  7821 | D:8      | Noticed Maurice
  7884 | D:8      | Killed Maurice
  7885 | D:8      | Reached skill level 1 in Evocations
  8455 | D:9      | Reached skill level 5 in Invocations
  8560 | D:9      | Found an ancient bone altar of Kikubaaqudgha.
  8812 | D:9      | Found a bloodstained altar of Trog.
  8945 | D:10     | Entered Level 10 of the Dungeon
  9000 | D:10     | Found a sparkling altar of Nemelex Xobeh.
  9060 | D:10     | Found a white marble altar of Elyvilon.
  9133 | D:10     | Noticed a kobold demonologist
  9146 | D:10     | Reached **** piety under Okawaru
  9147 | D:10     | Reached XP level 11. HP: 64/71 MP: 15/15
  9350 | D:10     | Found a staircase to the Orcish Mines.
  9355 | Orc:1    | Entered Level 1 of the Orcish Mines
  9355 | Orc:1    | Noticed a two-headed ogre
  9579 | D:10     | Noticed a two-headed ogre
  9596 | D:10     | Killed a two-headed ogre
  9715 | D:10     | Killed a two-headed ogre
 10091 | Orc:1    | Found Umume's General Store.
 10092 | Orc:1    | Found Ofott's Specific Store.
 10104 | Orc:1    | Bought a scroll of identify for 36 gold pieces
 10104 | Orc:1    | Bought a scroll of identify for 36 gold pieces
 10106 | Orc:1    | Bought a potion of curing for 54 gold pieces
 10106 | Orc:1    | Bought a potion of haste for 180 gold pieces
 10106 | Orc:1    | Bought a scroll of enchant weapon for 135 gold pieces
 10106 | Orc:1    | Bought a scroll of enchant armour for 135 gold pieces
 10352 | Orc:2    | Entered Level 2 of the Orcish Mines
 10503 | Orc:2    | Noticed an orc high priest
 10591 | Orc:2    | Noticed an orc sorcerer
 10774 | Orc:2    | Noticed an orc sorcerer
 10776 | Orc:2    | Paralysed by an orc sorcerer for 7 turns
 10781 | Orc:2    | Noticed an orc warlord
 10850 | Orc:1    | Killed an orc sorcerer
 10882 | Orc:1    | Noticed a sun demon
 10887 | Orc:1    | Noticed a soul eater
 10887 | Orc:1    | HP: 2/72 [chaos spawn[an orc high priest] (10)]
 10889 | Orc:1    | Noticed a sun demon
 10890 | Orc:1    | Killed an orc high priest
 10890 | Orc:1    | Reached ***** piety under Okawaru
 10891 | Orc:1    | Killed an orc sorcerer
 10891 | Orc:1    | Received a gift from Okawaru
 11054 | Orc:2    | Noticed an orc knight
 11242 | Orc:1    | Killed an orc knight
 11494 | Orc:2    | Found a staircase to the Elven Halls.
 11564 | Orc:2    | Noticed an orc high priest
 11597 | Orc:2    | Reached skill level 10 in Shields
 11675 | Orc:1    | Killed an orc warlord
 11676 | Orc:1    | Reached skill level 10 in Fighting
 11676 | Orc:1    | Reached skill level 10 in Armour
 11676 | Orc:1    | Reached XP level 12. HP: 39/77 MP: 17/17
 11764 | Orc:2    | Noticed a sun demon
 11841 | Orc:2    | Noticed a sun demon
 11874 | Orc:1    | Killed from afar by a smoke demon

Illustrated notes

Levels and vault maps discovered:
D:1:      minmay_arrival_doors, layout_basic
D:2:      minmay_diamond_boxcup, layout_basic,
          hellmonk_ecumenical_altar_lost_god, serial_shops,
          nicolae_shop_window_shopping, shop, shop_fountains
D:3:      layout_basic, wad_floor_pattern_1, minmay_vboxes
D:4:      layout_layer_cave, nicolae_ru_great_annihilating_truth,
          minmay_temple_entry_purple_smoke
D:5:      layout_gridville, nicolae_shop_self_help, uniq_grinder
D:6:      minmay_recursive_quarters, layout_basic,
          mainiacjoe_overflow_surrounded_room, cheibrodos_sewer_entry_drain,
          gammafunk_ghost_nasty_kobolds
D:7:      layout_cave_pools
D:8:      layout_loops_cross, minmay_circle_x, uniq_maurice
D:9:      layout_irregular_city, mainiacjoe_overflow_alcove_1,
          kiku_gazebo_pond_becter, minmay_between
D:10:     layout_rooms, mainiacjoe_overflow_alcove_2,
          mainiacjoe_overflow_24_doors, orc_0_dummy
Temple:   eino_temple_scatter_basement
Orc:1:    layout_caves, basic_altar, nicolae_specific_store
Orc:2:    st_orc_elflike, layout_caves, serial_shops,
          nicolae_shop_temple_entry_statues_fountains, kennysheep_orc_chapel,
          uniq_erolcha

Skill      XL: |  1  2  3  4  5  6  7  8  9 10 11 |
---------------+----------------------------------+-----
Axes           | 2 3 4 5 6 7 8 |  8.5
Fighting       | 4 5 6 8 9 10 | 10.1
Armour         | 4 5 6 8 9 10 | 10.1
Shields        | 4 5 6 8 9 10 | 10.1
Invocations    | 3 5 7 |  7.0
Evocations     | 2 4 |  4.4

Action                   |  1- 3 |  4- 6 |  7- 9 | 10-12 || total
-------------------------+-------+-------+-------+-------++-------
Melee: War axe           |   100 |   121 |   530 |   595 ||  1346
Invok: Heroism           |       |       |     2 |    22 ||    24
       Finesse           |       |       |       |     2 ||     2
Evoke: Wand              |       |       |       |    13 ||    13
  Use: Scroll            |       |     4 |     5 |     9 ||    18
       Potion            |       |       |       |     6 ||     6
 Stab: Paralysed         |       |       |     2 |       ||     2
Armor: Scale mail        |    56 |   100 |   180 |       ||   336
       Plate armour      |       |       |   285 |   435 ||   720
Dodge: Dodged            |    34 |    59 |   194 |   192 ||   479
Block: Kite shield       |    58 |    78 |   212 |   111 ||   459
       Buckler           |       |       |   100 |   167 ||   267
